 Dungeon Crawl Stone Soup version 0.30.0-7-g0c4daa9e05 (webtiles) character file.

Game seed: 889549315278961771

7724 Gabide the Slicer (level 11, -11/84 HPs)
             Began as a Demonspawn Delver on May 13, 2023.
             Was a Follower of Uskayaw.
             Mangled by a titanic slime creature (74 damage)
             ... on level 9 of the Dungeon.
             The game lasted 00:26:29 (8337 turns).

Gabide the Slicer (Demonspawn Delver)               Turns: 8337, Time: 00:26:29

Health: -11/84     AC: 25    Str: 13    XL:     11   Next: 0%
Magic:  18/18      EV: 14    Int: 12    God:    Uskayaw [*.....]
Gold:   665        SH:  4    Dex: 20    Spells: 10/10 levels left

rFire   + . .        a - +4 dagger (venom)
rCold   + . .        (no shield)
rNeg    + . .        r - +5 ring mail of Shielding {Dex+2}
rPois   .            (helmet restricted)
rElec   .            k - scarf {rC+ rF+}
rCorr   .            i - +2 pair of gloves
SInv    .            m - +2 pair of boots
Will    .....        D - amulet of faith
Stlth   +++          q - +4 ring of protection
HPRegen 0.34/turn    h - ring of positive energy
MPRegen 0.16/turn

%: faith
@: no status effects
A: antennae 2, icemail 1, powered by death 2, sanguine armour 2, condensation
shield
a: Renounce Religion, Stomp


You were on level 9 of the Dungeon.
You worshipped Uskayaw.
Uskayaw was aware of your devotion.
You visited 2 branches of the dungeon, and saw 10 of its levels.
You also visited: Sewer.

You collected 665 gold pieces.

Inventory:

Hand Weapons
 a - a +4 dagger of venom (weapon)
 v - a +1 dagger of distortion
Missiles
 t - 6 javelins (quivered)
Armour
 i - a +2 pair of gloves (worn)
 k - a scarf of resistance (worn)
 m - a +2 pair of boots (worn)
 n - a +0 helmet
 r - the +5 ring mail of Shielding (worn) {Dex+2}
   (You found it on level 6 of the Dungeon)

   Dex:       It affects your dexterity (+2).
Jewellery
 h - a ring of positive energy (right hand)
 q - a +4 ring of protection (left hand)
 D - an amulet of faith (around neck)
Wands
 e - a wand of iceblast (5)
 g - a wand of digging (3)
 w - a wand of flame (23)
 y - a wand of paralysis (6)
Scrolls
 b - a scroll of enchant armour
 c - a scroll of fog
 d - 3 scrolls of magic mapping
 o - 7 scrolls of teleportation
 u - 2 scrolls of summoning
 C - a scroll of silence {unknown}
Potions
 f - a potion of magic
 j - 2 potions of resistance
 l - 7 potions of curing
 p - a potion of haste
 s - a potion of lignification
 x - 2 potions of flight {unknown}
 z - 2 potions of mutation
 A - 3 potions of might {unknown}
 B - a potion of attraction {unknown}
 E - a potion of ambrosia {unknown}


   Skills:
 + Level 7.2 Fighting
 - Level 10.0 Short Blades
 - Level 5.0 Armour
 + Level 6.2 Dodging
 - Level 5.0 Stealth
 * Level 9.7 Invocations


You had 10 spell levels left.
You didn't know any spells.
Your spell library contained the following spells:

 Spells                   Type           Power      Damage    Failure   Level
 Magic Dart               Conj           0%         1d3       54%         1
 Call Imp                 Summ           0%         N/A       69%         2
 Cigotuvi's Dreadful Rot  Necr/Pois/Air  0%         N/A       69%         2
 Call Canine Familiar     Summ           0%         N/A       89%         3
 Hailstorm                Conj/Ice       0%         3d3       89%         3
 Mephitic Cloud           Conj/Pois/Air  0%         N/A       89%         3
 Portal Projectile        Hex/Tloc       0%         N/A       89%         3
 Tukima's Dance           Hex            0%         N/A       89%         3
 Dispel Undead            Necr           0%         3d6       100%        4
 Ice Form                 Ice/Tmut       0%         N/A       100%        4
 Leda's Liquefaction      Hex/Erth       0%         N/A       100%        4
 Manifold Assault         Tloc           0%         N/A       100%        4
 Passage of Golubria      Tloc           0%         N/A       100%        4
 Summon Forest            Summ/Tloc      0%         N/A       100%        5
 Yara's Violent Unravell  Hex/Tmut       0%         3d3       100%        5
 Death Channel            Necr           0%         N/A       100%        6
 Dispersal                Tloc           0%         N/A       100%        6
 Eringya's Noxious Bog    Tmut/Pois      0%         N/A       100%        6
 Simulacrum               Ice/Necr       0%         N/A       100%        6
 Summon Hydra             Summ           0%         N/A       100%        7
 Disjunction              Tloc           0%         N/A       100%        8
 Chain Lightning          Conj/Air       0%         N/A       100%        9
 Fire Storm               Conj/Fire      0%         5d1       100%        9
 Shatter                  Erth           0%         3d5*      100%        9


Dungeon Overview and Level Annotations

Branches:
Dungeon (9/15)             Temple (1/1) D:5           Sewer (visited)
   Lair: D:8-11         Orc: D:9-12

Altars:
Ashenzari
Cheibriados
Dithmenos
Fedhas
Gozag
Hepliaklqana
Kikubaaqudgha
Makhleb
Nemelex Xobeh
Okawaru
Qazlal
Ru
Sif Muna
Trog
Uskayaw
Vehumet
Wu Jian
Xom
Yredelemnul

Shops:
D:5 ((=**   D:6 =

Annotations:
D:9 1 runed translucent door, Tyszek's ghost, journeyman MiFi


Innate Abilities, Weirdness & Mutations

You have a pair of antennae on your head.
A meltable icy envelope protects you from harm. (AC +4)
You regenerate health from kills.
When seriously injured, your blood forms thick armour. (AC +0)
A meltable shield of frost defends you. (SH +4)


Message History

The orc warrior shouts!
You hit the large slime creature but do no damage.
You hear a shout!
You hit the large slime creature.
The large slime creature is lightly wounded.
An orc wizard comes into view. It is wielding a +0 dagger.
The large slime creature hits you.
You hit the large slime creature.
The large slime creature is lightly wounded.
You hit the large slime creature.
The large slime creature is lightly wounded.
Two slime creatures merge to form a very large slime creature.
Two slime creatures merge to form an enormous slime creature.
You hit the enormous slime creature.
The enormous slime creature is lightly wounded.
You hit the enormous slime creature.
The enormous slime creature is poisoned.
The enormous slime creature is lightly wounded.
An orc wizard comes into view. It is wielding a +0 dagger.
You hit the enormous slime creature.
The enormous slime creature is lightly wounded.
You completely miss the enormous slime creature.
The enormous slime creature is lightly wounded.
Two slime creatures merge to form a titanic slime creature.
The orc wizard gestures wildly while chanting.
The orc wizard flickers and vanishes!
Deactivating autopickup; reactivate with Ctrl-A.
You hit the titanic slime creature.
The titanic slime creature looks as sick as possible!
The titanic slime creature is lightly wounded.
You hit the titanic slime creature.
The titanic slime creature is lightly wounded.
The titanic slime creature completely misses you.
You hit the titanic slime creature.
The titanic slime creature is lightly wounded.
You hit the titanic slime creature.
The titanic slime creature is lightly wounded.
The titanic slime creature hits you!!!!
Ouch! That really hurt!
You die...

#...)))####.####.#
###.###### #.# .#
..#.# #.####.
#.#.# #.##.. #...#
#.##.# #.###
#.##.# ..######
#.##.# .........
#)# ########. #@#
# #J# #


oJ. ... ...## ### .o### ... # ##.o # #. You could see a titanic slime creature
(extremely poisoned), a slime creature, an orc warrior, an orc priest and an orc
wizard.

Vanquished Creatures
  2 hydras (D:9)
  Pikel (D:9)
  A cyclops (D:9)
  A manticore (D:9)
  A freezing wraith (D:9)
  An efreet (D:9)
  A troll (D:9)
  A slime creature (D:9)
  A vampire (D:9)
  A wyvern (D:6)
  9 yaks
  A vampire mosquito (D:9)
  An acid dragon (D:9)
  3 water moccasins
  2 orc warriors
  3 ice beasts
  2 ogres (D:4)
  2 black bears
  A centaur (D:9)
  A kobold brigand (D:9)
  2 bullfrogs
  4 scorpions
  3 wights
  8 killer bees (D:8)
  A howler monkey (D:7)
  A centaur zombie (D:7)
  A jelly (D:7)
  7 orc priests
  2 sleepcaps (D:6)
  An iguana (D:6)
  6 orc wizards
  A killer bee zombie (D:7)
  A howler monkey zombie (D:7)
  Robin (D:3)
  A gnoll (D:6)
  8 adders
  An ufetubus (D:6)
  2 worms (D:5)
  6 dart slugs
  14 orcs
  9 ball pythons
  9 endoplasms
  4 giant cockroaches
  16 goblins
  7 hobgoblins
  2 jackals (Sewer)
  12 kobolds
  5 quokkas
  4 bats
  5 frilled lizards
  9 rats
  A spectral kobold (D:2)
190 creatures vanquished.

Vanquished Creatures (others)
  A centaur simulacrum (D:9)
1 creature vanquished.

Grand Total: 191 creatures vanquished

Notes
Turn   | Place    | Note
-------+----------+-------------------------------------------
     0 | D:5      | Gabide the Demonspawn Delver began the quest for the Orb.
     0 | D:5      | Reached XP level 1. HP: 18/18 MP: 1/1
     4 | D:5      | Found a glowing drain.
    51 | Sewer    | Entered a sewer
   133 | Sewer    | Reached skill level 2 in Short Blades
   147 | Sewer    | Gained mutation: You regenerate a little health from kills.
                  | [demonic ancestry]
   147 | Sewer    | Reached XP level 2. HP: 22/24 MP: 2/2
   197 | Sewer    | Noticed a water moccasin
   249 | D:5      | Found Feimp's Weapon Emporium.
   320 | D:6      | Noticed an ice beast
   429 | D:4      | Noticed an ogre
   429 | D:4      | Noticed a scorpion
   450 | D:5      | Killed a scorpion
   451 | D:5      | Reached XP level 3. HP: 7/29 MP: 3/3
   451 | D:5      | Gained mutation: A meltable shield of frost defends you.
                  | (SH +4) [demonic ancestry]
   451 | D:5      | Reached XP level 4. HP: 9/35 MP: 4/4
   587 | D:5      | Noticed a scorpion
   597 | D:5      | Found a staircase to the Ecumenical Temple.
   608 | Temple   | Entered the Ecumenical Temple
   696 | Temple   | Became a worshipper of Uskayaw the Reveller
   804 | D:5      | Found Teoriv's Weapon Emporium.
   834 | D:5      | Found Zewkoon's Jewellery Shop.
   852 | D:5      | Noticed a water moccasin
   900 | D:5      | Found a transporter.
   930 | D:5      | Reached * piety under Uskayaw
   994 | D:5      | Found Levusk's General Store.
  1014 | D:5      | Found a transporter.
  1024 | D:5      | Found Hevaz's Assorted Antiques.
  1058 | D:5      | Reached skill level 5 in Stealth
  1295 | D:3      | Noticed Robin
  1361 | D:3      | Reached ** piety under Uskayaw
  1365 | D:3      | Killed Robin
  1705 | D:2      | Gained mutation: You have a pair of small antennae on your
                  | head. [demonic ancestry]
  1705 | D:2      | Reached XP level 5. HP: 42/42 MP: 5/5
  1861 | D:1      | Reached skill level 3 in Short Blades
  3109 | D:2      | Found a faded altar of an unknown god.
  3927 | D:3      | Reached skill level 4 in Short Blades
  4075 | D:4      | Noticed an ogre
  4087 | D:4      | Killed an ogre
  4088 | D:4      | Gained mutation: When seriously injured, your blood forms
                  | armour. (AC +0) [demonic ancestry]
  4088 | D:4      | Reached XP level 6. HP: 25/48 MP: 2/6
  4191 | D:4      | Reached skill level 5 in Short Blades
  4568 | D:4      | Reached XP level 7. HP: 54/54 MP: 7/7
  4683 | D:4      | Found an iron altar of Okawaru.
  4685 | D:4      | Found a sacrificial altar of Ru.
  4851 | D:5      | Reached skill level 6 in Short Blades
  5135 | D:6      | Reached *** piety under Uskayaw
  5137 | D:6      | Reached skill level 7 in Short Blades
  5206 | D:6      | Noticed a wyvern
  5221 | D:6      | Killed a wyvern
  5222 | D:6      | Gained mutation: A meltable icy envelope protects you from
                  | harm. (AC +4) [demonic ancestry]
  5222 | D:6      | Reached XP level 8. HP: 37/60 MP: 4/8
  5348 | D:6      | Reached skill level 8 in Short Blades
  5819 | D:6      | Identified the +5 ring mail of Shielding {Dex+2}
  5923 | D:6      | Found Tapikogi's Jewellery Shop.
  5970 | D:6      | Reached skill level 9 in Short Blades
  6273 | D:7      | Reached skill level 10 in Short Blades
  6283 | D:7      | Reached skill level 1 in Armour
  6283 | D:7      | Gained mutation: You have a pair of antennae on your head.
                  | [demonic ancestry]
  6283 | D:7      | Reached XP level 9. HP: 65/65 MP: 9/9
  6525 | D:8      | Reached **** piety under Uskayaw
  7240 | D:8      | Reached skill level 5 in Armour
  7388 | D:9      | Noticed a cyclops
  7410 | D:9      | Killed a cyclops
  7411 | D:9      | Reached skill level 5 in Fighting
  7526 | D:9      | Noticed an eight-headed hydra
  7542 | D:9      | Noticed a six-headed hydra
  7553 | D:9      | Reached ***** piety under Uskayaw
  7554 | D:9      | Killed an eight-headed hydra
  7555 | D:9      | Reached skill level 5 in Invocations
  7555 | D:9      | Gained mutation: When seriously injured, your blood forms
                  | thick armour. (AC +0) [demonic ancestry]
  7555 | D:9      | Reached XP level 10. HP: 49/76 MP: 11/14
  7572 | D:9      | Noticed a manticore
  7573 | D:9      | Reached ****** piety under Uskayaw
  7578 | D:9      | Reached skill level 5 in Dodging
  7580 | D:9      | Killed a manticore
  7647 | D:9      | Killed a six-headed hydra
  8181 | D:9      | Noticed Pikel
  8203 | D:9      | Killed Pikel
  8204 | D:9      | Gained mutation: You regenerate health from kills. [demonic
                  | ancestry]
  8204 | D:9      | Reached XP level 11. HP: 82/84 MP: 14/18
  8274 | D:9      | Found a runed translucent door.
  8277 | D:9      | Noticed Tyszek's ghost (journeyman MiFi)
  8287 | D:9      | Identified the +5 trident of the Girdle {pain, rPois Dex+2}
  8337 | D:9      | Mangled by a titanic slime creature

Illustrated notes

Levels and vault maps discovered:
D:1:      wander_arrival_abandoned_jail, layout_basic, st_stairs_12
D:2:      layout_basic, dreamdust_ecumenical_altar_drowned_temple,
          minmay_distorted
D:3:      layout_basic, minmay_misc_feat_tower, minmay_misc_feat_tiny,
          nrook_mini_vaults, uniq_robin
D:4:      layout_rooms, minitemple
D:5:      layout_cave_pools, minmay_temple_entry_trees, serial_shops,
          nicolae_shop_bloodbath_and_beyond, nicolae_shop_drivethru, shop,
          nicolae_shop_overgrown_old_shop, shop, portal_sewer_entry_b
D:6:      minmay_inner_zag, layout_rooms, serial_shops, nicolae_take_the_stairs
D:7:      layout_basic, serial_undead, serial_undead_f, serial_undead_c,
          serial_undead_e, serial_undead_c, minivault_22
D:8:      layout_basic, chequers_arboretum
D:9:      minmay_the_grid_triangle_9x9_recursive_2_mashed
          [minmay_the_grid_triangle_9x9_prize_top_heavy,
          minmay_the_grid_triangle_9x9_sparse_checkered,
          minmay_the_grid_triangle_9x9_shrine,
          minmay_the_grid_triangle_9x9_cache], layout_loops_ring,
          ebering_ghost_funeral_grove, uniq_pikel
Temple:   nicolae_temple_slightly_damp_pantheon

Skill      XL: |  1  2  3  4  5  6  7  8  9 10 |
---------------+-------------------------------+-----
Short Blades   | 2 4 5 7 10 | 10.0
Dodging        | 2 3 4 6 |  6.2
Stealth        | 5 |  5.0
Fighting       | 4 5 7 |  7.2
Armour         | 1 5 |  5.0
Invocations    | 5 9 |  9.7

Action                     |  1- 3 |  4- 6 |  7- 9 | 10-12 || total
---------------------------+-------+-------+-------+-------++-------
  Melee: Short sword       |    49 |    78 |       |       ||   127
         Punch             |     1 |     5 |     7 |     7 ||    20
         Dagger            |       |   230 |   377 |   235 ||   842
  Throw: Javelin           |       |     4 |     2 |       ||     6
 Invoke: Stomp             |       |     2 |       |     2 ||     4
         Grand Finale      |       |       |       |     2 ||     2
    Use: Potion            |     2 |       |     1 |     1 ||     4
         Scroll            |     4 |     6 |     8 |       ||    18
   Stab: Sleeping          |       |    19 |     7 |       ||    26
         Paralysed         |       |       |     8 |     2 ||    10
 Armour: Leather armour    |     7 |    43 |    27 |       ||    77
         Ring mail         |       |       |    83 |    86 ||   169
  Dodge: Dodged            |    20 |   119 |   127 |    87 ||   353
  Block: Other             |       |    42 |    36 |    21 ||    99
